 Dungeon Crawl Stone Soup version 0.17-a0-1946-gfb768fe (webtiles) character file.

1514 graki42 the Thaumaturge (level 8, -3/43 HPs)
             Began as a Deep Elf Conjurer on Oct 1, 2015.
             Was a Follower of Vehumet.
             Slain by a yak (5 damage)
             ... on level 7 of the Dungeon.
             The game lasted 00:24:58 (5345 turns).

graki42 the Thaumaturge (Deep Elf Conjurer)         Turns: 5345, Time: 00:24:58

Health: -3/43      AC:  6    Str:  7    XL:     8   Next: 53%
Magic:  0/22       EV: 16    Int: 21    God:    Vehumet [*.....]
Gold:   328        SH:  0    Dex: 21    Spells: 5 memorised, 13 levels left

rFire  . . .     SeeInvis .     w - +1 quarterstaff
rCold  . . .     Clarity  .     a - +0 robe
rNeg   . . .     SustAt   .     (no shield)
rPois  .         Gourm    .     B - +2 hat
rElec  .         Spirit   .     j - +0 cloak
rCorr  .         Warding  .     k - +0 pair of gloves
rMut   .         Stasis   .     (no boots)
MR     .....                    (no amulet)
Stlth  +++.......               (no ring)
                                y - +6 ring of dexterity

@: not resistant to hostile enchantments, fairly stealthy
A: no striking features
a: Renounce Religion


You were on level 7 of the Dungeon.
You worshipped Vehumet.
Vehumet was aware of your devotion.
You were near starving.

You visited 1 branch of the dungeon, and saw 7 of its levels.

You collected 328 gold pieces.

Inventory:

Hand weapons
 w - a +1 quarterstaff (weapon)
Missiles
 v - 55 stones (quivered)
Armour
 a - a +0 robe (worn)
 j - a +0 cloak (worn)
 k - a +0 pair of gloves (worn)
 B - a +2 hat (worn)
Jewellery
 y - a +6 ring of dexterity (left hand)
Magical devices
 q - a wand of slowing (39)
Scrolls
 e - a scroll of amnesia
 f - a scroll of remove curse
 g - a scroll of enchant armour
 h - 2 scrolls of teleportation
 p - a scroll of enchant weapon
 u - 6 scrolls of identify
Potions
 d - a potion of degeneration {unknown}
 i - 3 potions of agility
 l - 4 potions of lignification
 n - a potion of cancellation {unknown}
 o - a potion of mutation {unknown}
Books
 b - a book of Conjurations

   Spells                             Type                      Level
   a - Magic Dart                     Conjuration                  1
   b - Searing Ray                    Conjuration                  2
   c - Dazzling Spray                 Conjuration/Hexes            3
   d - Fulminant Prism                Conjuration/Hexes            4
   e - Iskenderun's Mystic Blast      Conjuration                  4
   f - Iskenderun's Battlesphere      Conjuration/Charms           5
Miscellaneous
 x - a plain deck of changes
Comestibles
 c - 4 bread rations
 m - 2 fruits
 r - 3 beef jerkies
 z - 4 meat rations


   Skills:
 + Level 1.2 Fighting
 + Level 0.8 Staves
 + Level 4.7 Dodging
 + Level 4.3 Stealth
 + Level 8.8 Spellcasting
 + Level 8.6 Conjurations
 + Level 2.1 Hexes


You had 13 spell levels left.
You knew the following spells:

 Your Spells              Type           Power        Failure   Level  Hunger
a - Magic Dart            Conj           ####         1%          1    None
b - Searing Ray           Conj           #####.       1%          2    None
c - Dazzling Spray        Conj/Hex       ####....     2%          3    None
d - Iskenderun's Mystic   Conj           #####...     2%          4    ###....
e - Sandblast             Erth           #.....       10%         1    None


Dungeon Overview and Level Annotations

Branches:
Dungeon (7/15)
 Temple: D:4-7

Altars:
Nemelex Xobeh
Okawaru
Vehumet

Annotations:
D:3 asdu's ghost, average OgSk


Message History

The yak gores you but does no damage. The yak gores you.
* * * LOW HITPOINT WARNING * * *
You hit the yak but do no damage.
The yak is moderately wounded.
The yak gores you but does no damage.
Casting: Magic Dart
Confirm with . or Enter, or press ? or * to list all spells.
Aiming: Iskenderun's Mystic Blast
Press: ? - help, Shift-Dir - straight line, f/p - yak
Aim: a yak (heavily wounded)
The orb of energy hits the yak.
The yak is heavily wounded.
The orb of energy explodes!
The mystic blast hits the yak.
The yak is almost dead.
The yak gores you!
* * * LOW HITPOINT WARNING * * *
You barely miss the yak.
The yak is heavily wounded.
The yak gores you.
You die...

.[... ...Y
#....YY.# ....
#...[...#
#.#...#.#
#.......#
#.......#
###.#...#.# #
#@#...†...# .
#Y#.......## ####.
##Y........###....
##...###........#
#...# ##....##..
#...# #..######
########....####
##..........#
##..#.(.......


You could see 2 yaks.

Vanquished Creatures
  Eustachio (D:6)
  A yak (D:7)
  Edmund (D:6)
  Duvessa (D:6)
  An ice beast (D:3)
  A sky beast (D:5)
  An ogre (D:7)
  A phantom (D:4)
  A giant frog (D:6)
  Dowan (D:6)
  2 electric eels (D:7)
  A crimson imp (D:6)
  3 hounds
  A jelly (D:5)
  A centaur skeleton (D:4)
  A giant frog skeleton (D:5)
  An orc wizard (D:4)
  Natasha (thrice) (D:2)
  A worker ant (D:4)
  A hound skeleton (D:5)
  6 adders
  3 gnolls (D:2)
  2 oozes (D:2)
  An adder skeleton (D:4)
  A worm (D:4)
  2 giant geckos
  5 orcs
  3 ball pythons
  8 bats
  4 giant cockroaches
  14 goblins
  7 hobgoblins
  6 jackals
  2 quokkas
  10 giant newts
  A jackal skeleton (D:4)
  9 kobolds
  13 rats
122 creatures vanquished.

Notes
Turn   | Place    | Note
--------------------------------------------------------------
     0 | D:1      | graki42 the Deep Elf Conjurer began the quest for the Orb.
     0 | D:1      | Reached XP level 1. HP: 10/10 MP: 6/6
   196 | D:1      | Reached XP level 2. HP: 13/15 MP: 0/8
   265 | D:1      | Reached skill level 5 in Conjurations
   704 | D:1      | Learned a level 2 spell: Searing Ray
   708 | D:2      | Noticed Natasha
   712 | D:2      | Reached XP level 3. HP: 16/19 MP: 4/9
   718 | D:2      | Killed Natasha
  1133 | D:2      | Reached XP level 4. HP: 24/24 MP: 9/11
  1167 | D:2      | Learned a level 3 spell: Dazzling Spray
  1371 | D:2      | Noticed Natasha
  1374 | D:2      | Killed Natasha
  1407 | D:2      | Noticed Natasha
  1409 | D:2      | Killed Natasha
  1593 | D:2      | Found a radiant altar of Vehumet.
  1669 | D:2      | Became a worshipper of Vehumet
  1713 | D:2      | Reached skill level 6 in Conjurations
  1840 | D:3      | Reached XP level 5. HP: 24/28 MP: 9/13
  2093 | D:3      | Noticed an ice beast
  2098 | D:3      | Killed an ice beast
  2098 | D:3      | Reached skill level 5 in Spellcasting
  2211 | D:3      | Acquired Vehumet's first power
  2211 | D:3      | Offered knowledge of Sandblast by Vehumet.
  2217 | D:3      | Learned a level 4 spell: Iskenderun's Mystic Blast
  2225 | D:3      | Noticed asdu's ghost (average OgSk)
  2258 | D:4      | Found a sparkling altar of Nemelex Xobeh.
  2292 | D:4      | Reached XP level 6. HP: 32/32 MP: 7/16
  2911 | D:5      | Entered Level 5 of the Dungeon
  3092 | D:5      | Reached XP level 7. HP: 37/37 MP: 9/18
  3152 | D:5      | Reached skill level 7 in Conjurations
  3941 | D:6      | Noticed Edmund
  3941 | D:6      | Noticed Eustachio
  3950 | D:6      | Reached skill level 1 in Hexes
  3989 | D:6      | Killed Edmund
  4141 | D:6      | Killed Eustachio
  4366 | D:6      | Reached XP level 8. HP: 42/42 MP: 17/21
  4412 | D:6      | Noticed Duvessa
  4414 | D:6      | Noticed Dowan
  4423 | D:6      | Killed Duvessa
  4423 | D:6      | Reached skill level 8 in Conjurations
  4444 | D:6      | Killed Dowan
  4669 | D:6      | Found an iron altar of Okawaru.
  4777 | D:6      | Learned a level 1 spell: Sandblast
  5089 | D:7      | Reached skill level 1 in Fighting
  5344 | D:7      | HP: 1/43 [yak (10)]
  5345 | D:7      | Slain by a yak

Vault maps used:
D:1:      scummos_arrival_simple_fountains
D:2:      lemuel_round_altar, first_bread, uniq_natasha
D:3:      grunt_ministairs_1
D:4:      nemelex_deck
D:5:      grunt_ministairs_9
D:6:      okawaru_ov_weapons_minmay, uniq_edmund, uniq_eustachio, uniq_duvessa
D:7:      temple_hall, grunt_livestock, kb_lookout_dungeons_type,
          water_boxes_lemuel, uniq_pikel

Action                   |  1- 3 |  4- 6 |  7- 9 || total
-------------------------+-------+-------+-------++-------
Melee: Short sword       |     5 |       |       ||     5
       Spear             |       |     5 |       ||     5
       Quarterstaff      |       |     6 |    23 ||    29
 Cast: Magic Dart        |    59 |   102 |    35 ||   196
       Searing Ray       |     2 |    16 |     5 ||    23
       Dazzling Spray    |       |     4 |    16 ||    20
       Iskenderun's Myst |       |       |    11 ||    11
  Use: Scroll            |       |       |    15 ||    15
       Potion            |       |       |     2 ||     2
  Eat: Chunk             |       |     7 |     5 ||    12
       Fruit             |       |       |     1 ||     1
